 Dungeon Crawl Stone Soup version 0.19-a0-1035-gdbfb0c6 (webtiles) character file.

160 HAL9000 the Cutter (level 5, -7/26 HPs)
             Began as a Vine Stalker Enchanter on July 29, 2016.
             Was an Initiate of Dithmenos.
             Mangled by a gnoll
             ... wielding a +0 club
              (10 damage)
             ... on level 2 of the Dungeon.
             The game lasted 00:05:05 (1809 turns).

HAL9000 the Cutter (Vine Stalker Enchanter)         Turns: 1809, Time: 00:05:06

Health: -7/26      AC:  6    Str: 11    XL:     5   Next: 41%
Magic:  0/9        EV: 12    Int: 15    God:    Dithmenos [......]
Gold:   181        SH:  0    Dex: 15    Spells: 3 memorised, 2 levels left

rFire  . . .     SeeInvis .     a - +1 dagger
rCold  . . .     Gourm    .     b - +1 robe
rNeg   . . .     Faith    .     (no shield)
rPois  .         Spirit   +     n - +2 helmet
rElec  .         Dismiss  .     (no cloak)
rCorr  .         Reflect  .     (no gloves)
SustAt .         Harm     .     (no boots)
MR     .....                    (no amulet)
Stlth  ++........               (no ring)
                                (no ring)

@: very slightly contaminated, hasted, very quick, not resistant to hostile
enchantments, unstealthy
A: fangs 2, regeneration 1, magic shield, antimagic bite, no device heal 3, rot
immunity
a: Renounce Religion


You were on level 2 of the Dungeon.
You worshipped Dithmenos.
Dithmenos was noncommittal.
You were not hungry.

You visited 1 branch of the dungeon, and saw 3 of its levels.

You collected 181 gold pieces.

Inventory:

Hand Weapons
 a - a +1 dagger (weapon)
Armour
 b - a +1 robe (worn)
 n - a +2 helmet (worn)
Scrolls
 f - a scroll of identify {unknown}
 g - a scroll of recharging {unknown}
 h - a scroll of random uselessness {unknown}
 k - a scroll of teleportation {unknown}
 o - 3 scrolls of blinking {unknown}
Potions
 e - 4 potions of haste
 i - a potion of agility {unknown}
 j - a potion of beneficial mutation {unknown}
 l - a potion of lignification {unknown}
 m - a potion of might {unknown}
 p - a potion of degeneration {unknown}
 r - a potion of flight {unknown}
Books
 c - a book of Maledictions

   Spells                             Type                      Level
   a - Corona                         Hexes                        1
   b - Ensorcelled Hibernation        Hexes/Ice                    2
   c - Confuse                        Hexes                        3
   d - Tukima's Dance                 Hexes                        3
   e - Dazzling Spray                 Conjuration/Hexes            3
Comestibles
 d - 2 bread rations
 q - 4 chunks of flesh


   Skills:
 + Level 2.0 Fighting
 * Level 4.0 Short Blades
 - Level 1.5 Dodging
 - Level 3.6 Stealth
 - Level 2.1 Spellcasting
 - Level 3.0 Hexes


You had 2 spell levels left.
You knew the following spells:

 Your Spells              Type           Power        Failure   Level  Hunger
a - Corona                Hex            ##.....      8%          1    #......
x - Confuse               Hex            ##......     21%         3    ###....
z - Ensorcelled Hibernat  Hex/Ice        #.....       17%         2    ###....


Dungeon Overview and Level Annotations

Branches:
Dungeon (3/15)

Altars:
Dithmenos


Innate Abilities, Weirdness & Mutations

You have extremely sharp teeth.
Your natural rate of healing is unusually fast.
When hurt, damage is shared between your health and your magic reserves.
Your bite disrupts and absorbs the magic of your enemies.
Potions and wands cannot restore your health.
You are immune to rotting.


Message History

Confirm with . or Enter, or press ? or * to list all spells.
You don't have enough magic to cast that spell.
You hit the gnoll.
The gnoll is moderately wounded.
Unknown command.
You hit the gnoll but do no damage.
The gnoll is moderately wounded.
The gnoll hits you with a club.
* * * LOW HITPOINT WARNING * * *
You barely miss the gnoll.
The gnoll is moderately wounded.
You hit the gnoll.
The gnoll is heavily wounded.
The gnoll barely misses you.
You hit the gnoll.
The gnoll is heavily wounded.
You barely miss the gnoll.
The gnoll is heavily wounded.
The gnoll hits you with a club!
You die...

### #.# ### #####.# #@# ......###
#g# ####### #####...###### #.#
######....## ........'....# #)#
#..........'
##......####.###.##########....##
##......# #.#......[.....#######
##.....## #.#............#######
##.....# #.#..>................
.......# #.#............#......


You could see a gnoll.

Vanquished Creatures
  A crimson imp (D:3)
  4 adders
  A gnoll (D:2)
  A worm (D:2)
  2 dart slugs (D:1)
  5 giant geckos
  5 orcs (D:3)
  A ball python (D:1)
  4 giant cockroaches
  5 goblins
  5 hobgoblins
  6 jackals
  6 kobolds
  A quokka (D:2)
  4 bats
  6 giant newts
  6 rats
  A fungus (D:1)
64 creatures vanquished.

Notes
Turn   | Place    | Note
-------+----------+-------------------------------------------
     0 | D:1      | HAL9000 the Vine Stalker Enchanter began the quest for the Orb.
     0 | D:1      | Reached XP level 1. HP: 9/9 MP: 4/4
    22 | D:1      | Reached skill level 1 in Short Blades
    40 | D:1      | Reached XP level 2. HP: 14/14 MP: 6/6
   101 | D:1      | Reached skill level 2 in Short Blades
   105 | D:1      | Learned a level 2 spell: Ensorcelled Hibernation
   343 | D:1      | Reached XP level 3. HP: 15/17 MP: 7/7
   357 | D:1      | Learned a level 3 spell: Confuse
   644 | D:1      | Reached skill level 1 in Fighting
  1001 | D:2      | Found a shadowy altar of Dithmenos.
  1004 | D:2      | Became a worshipper of Dithmenos the Shadowed
  1042 | D:2      | Reached XP level 4. HP: 22/22 MP: 8/8
  1098 | D:2      | Reached skill level 3 in Short Blades
  1683 | D:3      | Reached XP level 5. HP: 26/26 MP: 2/9
  1790 | D:2      | HP: 1/26 [gnoll/flail (3)]
  1799 | D:2      | Reached skill level 4 in Short Blades
  1809 | D:2      | Mangled by a gnoll

Vault maps used:
D:1:      erik_arrival_cave_to_civilisation, st_stairs_6,
          minmay_gold_behind_fungi, minmay_misc_feat_diagonals
D:2:      grunt_dithmenos_smoke_and_mirrors, serial_glass, glass_columns_a,
          glass_columns_b, feat_on_display, minmay_strange_pillars,
          due_unseen_surprise
D:3:      lemuel_round_altar, first_bread

Skill      XL: |  1  2  3  4  5 |
---------------+----------------+-----
Short Blades   | 1 2 3 4 |  4.0
Fighting       | 1 2 |  2.0
Dodging        | |  1.5
Stealth        | |  3.6
Spellcasting   | |  2.1
Hexes          | |  3.0

Action                   |  1- 3 |  4- 6 || total
-------------------------+-------+-------++-------
Melee: Dagger            |   118 |    78 ||   196
       Bite              |    32 |    22 ||    54
 Cast: Corona            |     1 |       ||     1
       Ensorcelled Hiber |     2 |     7 ||     9
  Use: Potion            |       |     1 ||     1
 Stab: Sleeping          |     8 |     8 ||    16
  Eat: Chunk             |       |     4 ||     4
Armor: Robe              |    20 |    21 ||    41
Dodge: Dodged            |    65 |    33 ||    98
